Map: 居住空间站 - 天梯版 (虚空)

Players

iGXY (XY) - Winner!

  • Race: Terran Terran
  • Spawn Location: 11:00

Stephano

  • Race: Zerg Zerg
  • Spawn Location: 1:00

Event: WESG 2016 Finals

VOD

Have the link to the VOD?

Description

Time

  • Played on: Jan. 12, 2017, 1:21 a.m.
  • Length: 9:58

All games in this series

Show
View Real Time Build Order
Export as new Build Order

iGXY Terran - Winner!

Build Orders: Reaper Expand, MMM Bio 

Get SALT Encoding   

  12  0:00  SCV  
  13  0:13  SCV  
  14  0:17  Supply Depot  
  14  0:25  SCV  
  15  0:39  Barracks, SCV  
  16  0:43  Refinery  
  16  0:51  SCV  
  17  1:03  SCV  
  18  1:15  SCV  
  19  1:26  Reaper  
  19  1:27  Orbital Command  
  20  1:38  Command Center  
  20  1:50  Barracks  
  20  1:53  SCV  
  21  1:58  Barracks Reactor  
  21  2:02  Supply Depot  
  21  2:05  SCV  
  22  2:17  Refinery  
  22  2:18  SCV  
  23  2:26  Factory  
  23  2:30  SCV  
  23  2:37  Marine x2  
  24  2:39  Barracks Tech Lab  
  24  2:43  Bunker  
  26  2:47  SCV  
  25  2:54  Marine  
  25  2:57  Marine, Bunker  
  27  3:00  SCV  
  29  3:12  Stimpack  
  29  3:19  Orbital Command  
  28  3:20  SCV  
  28  3:22  Marine  
  30  3:29  Marine x2  
  30  3:32  SCV  
  33  3:39  Starport  
  33  3:40  Factory Reactor  
  33  3:43  Marine  
  33  3:46  SCV  
  35  3:49  Marine  
  35  3:50  Orbital Command  
  35  3:51  Marine  
  37  4:00  Supply Depot  
  37  4:01  Marine  
  38  4:07  Marine  
  38  4:09  Marine  
  40  4:12  SCV  
  41  4:19  Marine  
  41  4:20  SCV  
  38  4:24  Medivac x2  
  43  4:28  SCV  
  48  4:32  SCV  
  47  4:40  Marine x2, SCV  
  47  4:44  SCV, Factory Tech Lab  
  51  4:46  Supply Depot  
  51  4:48  Marine  
  51  4:52  SCV  
  53  4:53  Liberator  
  53  4:56  Supply Depot  
  53  5:01  SCV  
  53  5:03  Engineering Bay  
  54  5:07  Marine  
  54  5:08  SCV  
  54  5:10  Engineering Bay  
  54  5:11  Medivac  
  61  5:14  SCV  
  61  5:20  SCV  
  63  5:21  Combat Shields  
  63  5:24  Marine x2  
  63  5:26  SCV  
  66  5:31  Supply Depot  
  66  5:32  SCV  
  67  5:41  Marine, SCV  
  67  5:42  Marine  
  65  5:45  Marine  
  66  5:54  SCV  
  66  5:55  Command Center  
  67  5:57  SCV  
  67  5:58  Medivac  
  66  6:06  SCV  
  66  6:07  Refinery  
  66  6:08  Refinery  
  66  6:09  SCV  
  71  6:11  Siege Tank  
  71  6:13  Marine x2  
  71  6:14  Marine  
  71  6:16  Supply Depot  
  71  6:18  SCV  
  75  6:21  SCV  
  76  6:30  SCV  
  76  6:31  Marine, Terran Infantry Weapons Level 1  
  78  6:32  Barracks  
  78  6:34  Barracks  
  78  6:35  Barracks  
  78  6:37  Marine, SCV  
  78  6:38  Terran Infantry Armor Level 1  
  80  6:42  SCV  
  81  6:49  Marine x2  
  81  6:50  SCV  
  84  6:54  SCV  
  84  6:56  Marine, Supply Depot  
  84  7:00  Factory Reactor  
  86  7:07  Marine x2, SCV  
  89  7:09  Orbital Command  
  89  7:12  Medivac x2  
  89  7:14  Marine  
  89  7:15  SCV  
  95  7:19  Barracks Reactor  
  95  7:21  Barracks Reactor  
  95  7:22  SCV  
  96  7:25  Marine x2  
  96  7:26  Barracks Reactor  
  96  7:28  Armory  
  96  7:29  SCV  
  99  7:36  Marine, Widow Mine x2  
  98  7:38  SCV  
  98  7:41  Medivac  
  98  7:43  Marine x2  
  105  7:45  SCV  
  105  7:50  SCV  
  107  7:53  Marine  
  107  7:56  Marine  
  109  8:01  Marine, Supply Depot  
  109  8:02  Marine, SCV  
  109  8:03  Orbital Command  
  112  8:08  SCV  
  113  8:14  Marine x2  
  113  8:16  Widow Mine  
  117  8:23  Marine x3, Supply Depot, Medivac x2  
  125  8:27  SCV  
  125  8:29  Marine  
  125  8:30  Marine  
  125  8:33  Marine x2  
  125  8:37  Supply Depot  
  125  8:44  SCV x2, Widow Mine x2  
  125  8:47  Marine x2  
  133  8:57  Marine  
  133  8:59  Marine x2, Medivac x2  
  139  9:08  SCV  
  139  9:09  Marine  
  141  9:10  Marine x3  
  141  9:12  Supply Depot x2, Widow Mine  
  141  9:13  Widow Mine  
  141  9:14  Marine x2  
  141  9:16  Marine  
  141  9:17  Marine  
  142  9:23  Marine  
  144  9:26  Marine, Barracks  
  144  9:28  Marine, Barracks  
  144  9:29  Barracks  
  146  9:31  Marine x2  
  146  9:32  Marine  
  146  9:34  Marauder  
  146  9:36  Supply Depot x2  
Show
View Real Time Build Order
Export as new Build Order

Stephano Zerg 

Build Orders: Pool First 

Get SALT Encoding   

  12  0:00  Drone  
  13  0:08  Drone  
  14  0:24  Spawning Pool  
  13  0:29  Drone  
  13  0:32  Extractor  
  13  0:35  Drone  
  14  0:43  Overlord  
  14  0:50  Drone, Extractor  
  15  1:11  Queen  
  15  1:12  Zergling x4  
  15  1:17  Overlord  
  19  1:33  Metabolic Boost  
  19  1:41  Drone  
  20  1:54  Hatchery  
  19  1:56  Zergling x2  
  19  2:00  Zergling x2  
  21  2:03  Zergling x2  
  21  2:08  Zergling x2  
  23  2:19  Zergling x6  
  26  2:33  Zergling x2  
  26  2:34  Queen  
  28  2:56  Overlord  
  29  3:07  Drone x5  
  33  3:16  Queen  
  33  3:18  Drone x2  
  37  3:34  Hatchery  
  37  3:39  Overlord  
  37  3:41  Drone  
  37  3:44  Drone  
  37  3:46  Drone  
  39  3:49  Drone  
  39  3:52  Drone  
  39  3:53  Drone  
  42  3:57  Drone  
  42  4:00  Drone  
  44  4:03  Drone x2  
  46  4:15  Drone  
  46  4:16  Drone x4  
  51  4:26  Overlord  
  51  4:34  Queen  
  51  4:37  Drone x2  
  50  4:42  Overlord x2  
  50  4:44  Extractor  
  49  4:48  Drone x3  
  49  4:52  Queen  
  54  4:55  Zergling x8  
  54  4:58  Queen  
  60  5:00  Zergling x2  
  60  5:02  Zergling x2  
  62  5:11  Drone  
  62  5:12  Drone x5  
  68  5:19  Evolution Chamber x2  
  66  5:21  Drone x3  
  66  5:22  Drone  
  71  5:28  Drone x3  
  71  5:29  Drone x2  
  71  5:32  Drone  
  76  5:41  Zergling x2  
  76  5:42  Zergling x4  
  67  5:47  Zergling x2  
  67  5:48  Zergling x8  
  63  5:53  Zergling x2  
  61  6:03  Zerg Ground Armor Level 1  
  61  6:04  Zerg Melee Weapons Level 1  
  54  6:05  Zergling x8  
  58  6:14  Drone x4  
  62  6:22  Lair  
  62  6:35  Drone x3  
  62  6:37  Queen  
  67  6:42  Overlord  
  67  6:43  Zergling x2  
  67  6:44  Spore Crawler, Zergling x10  
  71  6:55  Baneling Nest  
  70  7:04  Overlord  
  70  7:05  Drone x4  
  74  7:17  Overlord  
  74  7:22  Hatchery  
  73  7:24  Extractor  
  70  7:30  Zergling x2  
  70  7:31  Zergling x12  
  70  7:35  Zergling x2  
  70  7:36  Zergling x10  
  72  7:39  Zergling x2  
  72  7:40  Zergling x8  
  72  7:43  Extractor  
  76  7:55  Drone x3  
  76  7:56  Drone x2  
  76  7:57  Overlord  
  81  8:11  Overlord x2  
  78  8:20  Overlord  
  77  8:32  Zergling x26  
  83  8:41  Zergling x10  
  81  8:44  Queen  
  75  9:01  Evolution Chamber  
  73  9:04  Drone x4  
  73  9:05  Drone x5  
  73  9:07  Baneling x3  
  73  9:08  Baneling  
  78  9:20  Spire  
  78  9:21  Zergling x4  
  74  9:26  Overseer  
  74  9:27  Zergling x6  
  74  9:30  Zergling x6  
  79  9:31  Zergling x2  
  79  9:36  Zergling x6  
Tags
 
Add a new tag
Caveats
  • Supply blocks, unpowered buildings, or Contaminate may cause inaccurate times.
  • Supply counts are checked every 10 seconds.